 Dungeon Crawl Stone Soup version 0.21.1-1-g345015f (webtiles) character file.

135 ithil the Slasher (level 5, -1/42 HPs)
             Began as a Human Berserker on Mar 3, 2018.
             Was a Believer of Trog.
             Slain by a scorpion (2 damage)
             ... on level 4 of the Dungeon.
             The game lasted 00:12:41 (2569 turns).

ithil the Slasher (Human Berserker)                 Turns: 2569, Time: 00:12:42

Health: -1/42      AC: 12    Str: 17 (19) XL:     5   Next: 41%
Magic:  0/5        EV:  5    Int:  4 (7)  God:    Trog [**....]
Gold:   162        SH:  0    Dex:  9 (12) Spells: 4/4 levels left

rFire    . . .     SeeInvis .   a - +0 falchion
rCold    . . .     Gourm    .   (no shield)
rNeg     . . .     Faith    .   l - +0 plate armour
rPois    .         Spirit   +   (helmet restricted)
rElec    .         Reflect  .   m - scarf {Spirit}
rCorr    .         Harm     .   (no gloves)
MR       .....                  e - +0 pair of boots
Stlth    ..........             (no amulet)
HPRegen  0.14/turn              (no ring)
MPRegen  0.09/turn              (no ring)

@: lethally poisoned (-1 -> -23)
A: antennae 1, mutation resistance 1
a: Berserk, Trog's Hand, Burn Spellbooks, Renounce Religion


You were on level 4 of the Dungeon.
You worshipped Trog.
Trog was pleased with you.
You were not hungry.

You visited 1 branch of the dungeon, and saw 4 of its levels.

You collected 162 gold pieces.

Inventory:

Hand Weapons
 a - a +0 falchion (weapon)
 d - a +0 dagger of venom
 h - a +0 whip
 j - a +0 arbalest
 o - a +1 dagger of venom
Missiles
 p - 45 bolts
Armour
 b - a +0 animal skin
 e - a +0 pair of boots (worn)
 f - a +0 scale mail
 l - a +0 plate armour (worn)
 m - a scarf of spirit shield (worn)
 t - a cursed +0 pair of boots
Magical Staves
 g - an uncursed staff of air
Scrolls
 c - a scroll of identify
 i - 2 scrolls of teleportation
 r - 2 scrolls of remove curse {unknown}
 u - 2 scrolls of magic mapping {unknown}
Potions
 k - a potion of heal wounds {unknown}
 n - a potion of agility {unknown}
 q - a potion of degeneration
Comestibles
 s - 5 rations


   Skills:
 + Level 3.7 Fighting
 + Level 4.4 Long Blades
 + Level 2.9 Armour
 + Level 2.4 Dodging


You had 4 spell levels left.
You didn't know any spells.

Dungeon Overview and Level Annotations

Branches:
Dungeon (4/15)
 Temple: D:4-7

Altars:


Innate Abilities, Weirdness & Mutations

You have a pair of small antennae on your head.
You are somewhat resistant to further mutation.


Message History

You hit the jackal.
You kill the jackal!
Trog accepts your kill.
* * * LOW HITPOINT WARNING * * *
You feel sick.
The jackal bites you but does no damage. x5
The scorpion barely misses you.
You miss the quokka.
* * * LOW HITPOINT WARNING * * *
You feel sick. The jackal barely misses you.
The jackal bites you but does no damage.
The jackal bites you.
* * * LOW HITPOINT WARNING * * *
The quokka bites you.
* * * LOW HITPOINT WARNING * * *
The jackal bites you.
* * * LOW HITPOINT WARNING * * *
The jackal bites you but does no damage.
The scorpion stings you.
You die...

##.....$#
...
........+ ..
##.......#..
.........#.
#........
#.......##
#.##..#.<#
#...hrh..#
####h@h..#
##hs..#
######


You could see a scorpion, a quokka and 5 jackals.

Vanquished Creatures
  Jessica (D:2)
  5 adders
  An ooze (D:2)
  A worm (D:2)
  2 dart slugs
  A leopard gecko (D:2)
  An orc (D:3)
  A giant cockroach (D:1)
  8 goblins
  9 hobgoblins
  A jackal (D:4)
  9 kobolds
  3 ball pythons
  5 bats
  2 frilled lizards
  4 rats
54 creatures vanquished.

Notes
Turn   | Place    | Note
-------+----------+-------------------------------------------
     0 | D:1      | ithil the Human Berserker began the quest for the Orb.
     0 | D:1      | Reached XP level 1. HP: 18/18 MP: 1/1
   400 | D:1      | Reached XP level 2. HP: 24/24 MP: 2/2
   898 | D:1      | Reached XP level 3. HP: 27/29 MP: 3/3
  1181 | D:2      | Reached XP level 4. HP: 18/35 MP: 4/4
  1373 | D:2      | Noticed Jessica
  1389 | D:2      | Killed Jessica
  1389 | D:2      | Reached skill level 4 in Long Blades
  1454 | D:2      | Reached ** piety under Trog
  1585 | D:2      | Reached XP level 5. HP: 34/41 MP: 3/5
  1609 | D:2      | Gained mutation: You are somewhat resistant to further mutation. [potion of mutation]
  1609 | D:2      | Gained mutation: You have a pair of small antennae on your head. [potion of mutation]
  2569 | D:4      | HP: 2/42 [quokka (2)]
  2569 | D:4      | Slain by a scorpion

Skill      XL: |  1  2  3  4 |
---------------+-------------+-----
Long Blades    | 4 |  4.4
Fighting       | |  3.7
Armour         | |  2.9
Dodging        | |  2.4

Action                   |  1- 3 |  4- 6 || total
-------------------------+-------+-------++-------
Melee: Falchion          |   104 |   133 ||   237
  Use: Potion            |       |     5 ||     5
       Scroll            |       |     3 ||     3
  Eat: Chunk             |     1 |     1 ||     2
       Ration            |       |     1 ||     1
Armor: Scale mail        |    37 |    25 ||    62
       Animal skin       |     1 |       ||     1
       Plate armour      |       |   145 ||   145
Dodge: Dodged            |    52 |    80 ||   132
       Rpst.: Falchion   |    15 |    25 ||    40
